 Dungeon Crawl Stone Soup version 0.29.1-15-g9cfb28693d (webtiles) character file.

Game seed: 15790598977523521544

67960 Gumption the Severer (level 14, -4/122 HPs)
             Began as a Minotaur Berserker on Mar 1, 2023.
             Was a High Priest of Trog.
             Killed from afar by a starcursed mass (15 damage)
             ... with an accursed screaming
             ... on level 2 of the Abyss on Mar 19, 2023.
             The game lasted 02:51:14 (25254 turns).

Gumption the Severer (Minotaur Berserker)          Turns: 25254, Time: 02:51:14

Health: -4/122     AC: 25    Str: 27    XL:     14   Next: 84%
Magic:  12/13      EV: 12    Int:  2    God:    Trog [*****.]
Gold:   2103       SH:  8    Dex: 10    Spells: 13/13 levels left

rFire   + . .      SeeInvis .   a - +9 hand axe of Destruction {spect, rElec}
rCold   . . .      Faith    .   T - +2 buckler
rNeg    . . .      Spirit   .   W - +4 chain mail of Ennui {-Tele Harm rPois Stlth+}
rPois   +          Reflect  .   (helmet restricted)
rElec   +          Harm     +   R - +2 cloak {Will+}
rCorr   .          Rampage  .   L - +0 pair of gloves {infuse}
Will    ++++.      NoTele   +   n - +1 pair of boots
Stlth   ..........              X - amulet of magic regeneration
HPRegen 1.30/turn               Z - +4 ring of slaying
MPRegen 0.53/turn               x - ring of protection from fire

@: strong-willed (expiring), on berserk cooldown, regenerating (expiring),
slowed, unable to drink, very slow
A: horns 2, retaliatory headbutt, [dopey 1], [frail 1], [subdued magic 2],
[inability to drink after injury 2]
a: Renounce Religion, Berserk, Trog's Hand, Brothers in Arms


You were on level 2 of the Abyss.
You worshipped Trog.
Trog was extremely pleased with you.
You visited 2 branches of the dungeon, and saw 20 of its levels.
You visited the Abyss 1 time.
You also visited: Ossuary, Bailey and Volcano.

You collected 2264 gold pieces.
You spent 161 gold pieces at shops.

Inventory:

Hand Weapons
 a - the +9 hand axe of Destruction (weapon) {spect, rElec}
   (You found it on level 3 of the Dungeon)

   When its wielder attacks, the weapon's spirit leaps out and strikes again.
   The spirit shares a part of any damage it takes with its wielder.
   rElec:     It insulates you from electricity.
 b - a +3 spear of venom
 t - a +2 vorpal war axe
 w - the +2 spear "Usmah" {freeze, *Noise rF+ rC++ Int+3}
   (You found it on level 7 of the Dungeon)

   It freezes those it strikes, dealing additional cold damage.
   It can also slow down cold-blooded creatures.
   Int:       It affects your intelligence (+3).
   rF:        It protects you from fire.
   rC:        It greatly protects you from cold.
   *Noise:    It may make noises in combat.
Missiles
 c - 5 curare-tipped darts (quivered)
 N - 2 throwing nets
Armour
 n - a +1 pair of boots (worn)
 L - a +0 pair of gloves of infusion (worn)
 R - a +2 cloak of willpower (worn)
 T - a +2 buckler (worn)
 W - the +4 chain mail of Ennui (worn) {-Tele Harm rPois Stlth+}
   (You acquired it on level 4 of the Lair of Beasts)

   rPois:     It protects you from poison.
   -Tele:     It prevents most forms of teleportation.
   Harm:      It increases damage dealt and taken.
   Stlth:     It makes you more stealthy.
Jewellery
 x - a ring of protection from fire (right hand)
 B - a ring of fire
 E - a ring of see invisible
 M - a ring of poison resistance
 X - an amulet of magic regeneration (around neck)
 Z - a +4 ring of slaying (left hand)
Wands
 j - a wand of flame (5)
 m - a wand of digging (9)
 z - a wand of paralysis (16)
 F - a wand of mindburst (4)
 U - a wand of polymorph (10)
 V - a wand of iceblast (6)
Scrolls
 d - 8 scrolls of butterflies
 f - a scroll of enchant armour
 h - 3 scrolls of fear
 i - 4 scrolls of magic mapping
 q - 11 scrolls of teleportation
 r - 5 scrolls of identify
 u - 2 scrolls of acquirement
 y - 3 scrolls of blinking
 G - 6 scrolls of immolation
 H - 6 scrolls of enchant weapon
 J - 3 scrolls of poison
 Q - a scroll of brand weapon
Potions
 e - 2 potions of berserk rage
 g - 6 potions of curing
 k - 2 potions of magic
 l - a potion of ambrosia
 p - 7 potions of heal wounds
 s - 3 potions of flight
 v - 7 potions of might
 A - 4 potions of haste
 C - 8 potions of lignification
 D - 5 potions of attraction
 I - 4 potions of mutation
 O - a potion of cancellation
 S - a potion of invisibility


   Skills:
 + Level 15.7 Fighting
 - Level 16.0 Axes
 + Level 15.4 Armour
 + Level 12.0 Dodging
 + Level 12.0 Shields


You had 13 spell levels left.
You didn't know any spells.
Your spell library was empty.

Dungeon Overview and Level Annotations

Branches:
Dungeon (15/15)            Temple (0/1) D:5            Lair (5/5) D:9
 Shoals (0/4) Lair:3        Snake (0/4) Lair:3        Slime (0/5) Lair:5
    Orc (0/2) D:9         Ossuary (visited)          Bailey (visited)
Volcano (visited)
 Vaults: D:13-14     Depths: D:15

Altars:
Ashenzari
Elyvilon
Hepliaklqana
Makhleb
Okawaru
Trog
Xom
Yredelemnul
Zin
Jiyva

Shops:
D:7 [   D:14 [   D:15 *


Innate Abilities, Weirdness & Mutations

You have a pair of horns on your head.
You reflexively headbutt those who attack you in melee.
[You are dopey. (Int -2)]
[You are frail. (-10% HP)]
[Your spells are easier to cast, but less powerful.]
[You sometimes lose the ability to drink potions when taking damage.]


Message History

A starcursed mass splits.
A chorus of shrieks assaults your mind.
* * * LOW HITPOINT WARNING * * *
The small abomination attacks as you move away!
The small abomination hits you but does no damage.
You slice the small abomination!!
The small abomination is almost destroyed.
Your +9 hand axe of Destruction {spect, rElec} barely misses the small abomination.
The small abomination barely misses you.
You slash the small abomination!
You destroy the small abomination!
Trog accepts your kill.
A starcursed mass splits.
A chorus of shrieks assaults your mind.
You feel threatened and lose the ability to drink potions!
* * * LOW HITPOINT WARNING * * *
A starcursed mass splits. x2
You slice the starcursed mass!! You headbutt the starcursed mass.
You destroy the starcursed mass!
Trog accepts your kill. A chorus of shrieks assaults your mind.
* * * LOW HITPOINT WARNING * * *
A chorus of shrieks assaults your mind.
* * * LOW HITPOINT WARNING * * *
A starcursed mass splits. x2
A tentacle flies out from the starspawn's body!
A starspawn tentacle comes into view.
You feel the effects of Trog's Hand fading.
A deafening chorus of shrieks assaults your mind!
* * * LOW HITPOINT WARNING * * *
A starcursed mass splits.
The starspawn tentacle grabs you. The starspawn tentacle constricts you.
You slash the starspawn tentacle! You headbutt the starspawn tentacle.
You destroy the starspawn tentacle!
You hit the starcursed mass.
Your +9 hand axe of Destruction {spect, rElec} hits the starcursed mass.
The starcursed mass shudders and withdraws towards its neighbour.
Your intelligence has recovered.
A deafening chorus of shrieks assaults your mind!
You die...

~~~..# .# ~~~.. ..
~~~~##.. .#
~~โ‰ˆ..... .###
~~โ‰ˆ~ #.. .#. ## .
#..## ........ .
#.#โ”‚# .# ... .#.#
##@#.# . .#.# .# .
#ยง.#.#.#. #..# ..
##X#.#.#..#.. .# #
#.#.#... # .#.# #
#.##X#. ##......#.# #
#..XXX.###.###...#..#
#.##X#.......#. .. #
#X#.#####... . . .
#.#. #.#.#.....


You could see 6 starcursed masses and a tentacled starspawn.

Vanquished Creatures
  A bone dragon (Abyss:2)
  A very ugly thing (Abyss:2)
  An ettin (D:15)
  A boulder beetle (Lair:5)
  An ogre mage (D:15)
  12 hydras
  3 centaur warriors
  3 two-headed ogres
  3 catoblepae
  A deep troll shaman (Lair:5)
  2 tengu warriors
  5 death yaks
  Nergalle (Lair:3)
  A wretched star (Abyss:2)
  11 skeletal warriors
  3 wizards
  A deep elf pyromancer (D:14)
  12 ugly things
  2 cyclopes
  5 elephants (Lair:5)
  3 manticores
  4 black mambas (Lair:5)
  A gargoyle (D:10)
  A torpor snail (Lair:5)
  4 cane toads
  Maggie (D:5)
  Psyche (D:11)
  2 kobold demonologists (D:11)
  5 rime drakes
  12 komodo dragons
  2 red devils (Volcano)
  5 trolls
  A queen bee (shapeshifter) (D:15)
  A wind drake (Lair:3)
  3 polar bears
  A wind drake (shapeshifter) (D:13)
  4 slime creatures (D:13)
  12 blink frogs
  A centaur simulacrum (D:14)
  A starcursed mass (Abyss:2)
  4 shadows
  21 yaks
  A vampire (D:9)
  4 wraiths
  A wyvern (D:9)
  A chaos spawn (Abyss:2)
  A basilisk (Lair:4)
  2 steam dragons
  2 wargs (D:9)
  3 acid dragons
  4 nagas (Lair:3)
  2 hell hounds (Volcano)
  17 water moccasins
  3 small abominations (Abyss:2)
  9 orc warriors
  An ice beast (D:3)
  2 black bears (Lair:5)
  3 ogres
  7 wolves (Lair:5)
  14 centaurs
  2 phantoms
  10 kobold brigands
  Blork the orc (D:4)
  2 necrophages
  A gnoll sergeant (D:5)
  11 bullfrogs
  A scorpion (D:6)
  8 wights
  2 electric eels (Lair:4)
  10 howler monkeys
  A crimson imp (D:13)
  A hound (D:7)
  A lava snake (D:11)
  4 jellies (Lair:5)
  9 orc priests
  An iguana (D:5)
  10 orc wizards
  4 mummies
  3 gnolls
  5 adders
  A shadow imp (D:6)
  A white imp (D:7)
  2 ufetubi
  A worm (D:2)
  A dart slug (D:4)
  38 orcs
  8 endoplasms
  A giant cockroach (D:1)
  9 goblins
  5 hobgoblins
  3 quokkas
  4 ball pythons
  3 bats
  A frilled lizard (D:1)
  A goblin zombie (Ossuary)
  2 hobgoblin zombies (Ossuary)
  24 kobolds
  5 kobold zombies (Ossuary)
  4 rats
  A starspawn tentacle (Abyss:2)
439 creatures vanquished.

Vanquished Creatures (others)
  A yak (D:10)
  2 demonic plants (D:1)
  11 fungi
  31 plants
45 creatures vanquished.

Grand Total: 484 creatures vanquished

Notes
Turn   | Place    | Note
-------+----------+-------------------------------------------
     0 | D:1      | Gumption the Minotaur Berserker began the quest for the
                  | Orb.
     0 | D:1      | Reached XP level 1. HP: 19/19 MP: 0/0
   542 | D:1      | Reached skill level 4 in Axes
   556 | D:1      | Found a faded altar of an unknown god.
   599 | D:1      | Reached XP level 2. HP: 27/27 MP: 1/1
  1649 | D:2      | Reached XP level 3. HP: 19/33 MP: 2/2
  2516 | D:3      | Noticed an ice beast
  2789 | D:3      | Identified the +9 hand axe of Destruction {spect, rElec}
  2846 | D:3      | Reached ** piety under Trog
  3013 | D:3      | Killed an ice beast
  3014 | D:3      | Reached skill level 5 in Axes
  3014 | D:3      | Reached XP level 4. HP: 36/41 MP: 3/3
  3014 | D:3      | Reached XP level 5. HP: 42/47 MP: 4/4
  3147 | D:4      | Noticed a phantom
  3158 | D:4      | Killed a phantom
  3159 | D:4      | Reached skill level 5 in Fighting
  3159 | D:4      | Reached skill level 6 in Axes
  3254 | D:4      | Reached XP level 6. HP: 42/56 MP: 5/5
  3568 | D:4      | Noticed Blork the orc
  3571 | D:4      | Killed Blork the orc
  3741 | D:4      | Reached skill level 7 in Axes
  3757 | D:4      | Reached skill level 5 in Armour
  3757 | D:4      | Reached XP level 7. HP: 50/62 MP: 6/6
  4111 | D:5      | Entered Level 5 of the Dungeon
  4665 | D:5      | Found a hazy altar of Hepliaklqana.
  4673 | D:5      | Reached *** piety under Trog
  4675 | D:5      | Found a glowing silver altar of Zin.
  4694 | D:5      | Reached skill level 8 in Axes
  5284 | D:5      | Found a staircase to the Ecumenical Temple.
  5411 | D:6      | Found a broken altar of Ashenzari.
  5442 | D:6      | Reached XP level 8. HP: 67/71 MP: 7/7
  5530 | D:6      | Noticed Maggie
  5537 | D:5      | Killed Maggie
  5538 | D:5      | Reached skill level 9 in Axes
  6003 | D:6      | Reached skill level 10 in Axes
  6345 | D:7      | Found a sand-covered staircase.
  6354 | Ossuary  | Entered an ossuary
  6741 | Ossuary  | Reached **** piety under Trog
  6967 | D:7      | Reached XP level 9. HP: 50/81 MP: 8/8
  7358 | D:7      | Reached skill level 11 in Axes
  7374 | D:7      | Found Conesom's Armour Shop.
  7382 | D:7      | Bought a +0 pair of gloves of infusion for 161 gold pieces
  7390 | D:7      | Identified the +2 spear "Usmah" {freeze, *Noise rF+ rC++
                  | Int+3}
  8207 | D:8      | Reached skill level 12 in Axes
  8707 | D:8      | Found a shimmering altar of Xom.
  8709 | D:8      | Found a burning altar of Makhleb.
  8709 | D:8      | Found an iron altar of Okawaru.
  8711 | D:8      | Found a burning altar of Makhleb.
  8711 | D:8      | Found a white marble altar of Elyvilon.
  8711 | D:8      | Found a bloodstained altar of Trog.
  8808 | D:8      | Reached XP level 10. HP: 91/91 MP: 6/9
  9091 | D:9      | Found a staircase to the Orcish Mines.
  9100 | D:9      | Found a staircase to the Lair.
  9113 | D:9      | Reached skill level 13 in Axes
  9249 | D:9      | Noticed a two-headed ogre
  9266 | D:9      | Killed a two-headed ogre
  9267 | D:9      | Reached skill level 10 in Fighting
  9468 | D:9      | Found a basalt altar of Yredelemnul.
  9523 | D:9      | Reached skill level 10 in Armour
  9569 | D:9      | Reached ***** piety under Trog
 10043 | D:10     | Entered Level 10 of the Dungeon
 10065 | D:10     | Reached skill level 5 in Dodging
 10070 | D:10     | Noticed a gargoyle
 10071 | D:10     | Reached XP level 11. HP: 47/101 MP: 0/10
 10074 | D:10     | Found a flagged portal.
 10083 | Bailey   | Entered a bailey
 10559 | Bailey   | Found a bloodstained altar of Trog.
 10602 | D:10     | Reached skill level 14 in Axes
 11616 | D:11     | Noticed Psyche
 11628 | D:11     | Killed Psyche
 11769 | D:11     | Noticed a tengu warrior
 11775 | D:11     | Killed a tengu warrior
 12105 | D:11     | Noticed a soul eater
 13351 | Lair:1   | Entered Level 1 of the Lair of Beasts
 13549 | Lair:1   | You fall into a shaft and drop 1 floor!
 13555 | Lair:2   | Noticed a catoblepas
 13581 | Lair:2   | Killed a catoblepas
 13972 | Lair:1   | Noticed a six-headed hydra
 13984 | Lair:1   | Killed a six-headed hydra
 13985 | Lair:1   | Reached XP level 12. HP: 75/113 MP: 4/11
 14740 | Lair:2   | Reached skill level 15 in Axes
 15051 | Lair:2   | Noticed a seven-headed hydra
 15057 | Lair:2   | Killed a seven-headed hydra
 15503 | Lair:3   | Found a staircase to the Snake Pit.
 15516 | Lair:3   | Noticed a catoblepas
 15524 | Lair:3   | Killed a catoblepas
 15540 | Lair:3   | Found a dark tunnel.
 15551 | Volcano  | Entered a volcano
 15885 | Lair:3   | Noticed Nergalle
 15900 | Lair:3   | Killed Nergalle
 16214 | Lair:3   | Found a staircase to the Shoals.
 16221 | Lair:3   | Reached skill level 1 in Shields
 16619 | Lair:4   | Identified 3 scrolls of acquirement
 16620 | Lair:4   | Acquired the +4 chain mail of Ennui {-Tele Harm rPois
                  | Stlth+}
 16746 | Lair:4   | Noticed a six-headed hydra
 16755 | Lair:4   | Killed a six-headed hydra
 16849 | Lair:4   | Noticed a five-headed hydra
 16869 | Lair:4   | Killed a five-headed hydra
 16881 | Lair:4   | Received a gift from Trog
 17465 | Lair:4   | Noticed a death yak
 17474 | Lair:4   | Killed a death yak
 17479 | Lair:4   | Reached XP level 13. HP: 107/122 MP: 4/12
 17489 | Lair:4   | Reached skill level 5 in Shields
 17931 | Lair:4   | Reached skill level 16 in Axes
 18344 | Lair:5   | Entered Level 5 of the Lair of Beasts
 18910 | Lair:5   | Found a staircase to the Slime Pits.
 18911 | Lair:5   | Found a viscous altar of Jiyva.
 19083 | Lair:5   | Reached skill level 10 in Dodging
 21245 | D:13     | Reached XP level 14. HP: 100/133 MP: 10/13
 21516 | D:13     | Reached skill level 10 in Shields
 22020 | D:13     | Received a gift from Trog
 22541 | D:14     | Reached skill level 15 in Fighting
 22902 | D:14     | Identified the +0 chain mail of Gestures {rF+ Str+4}
 22913 | D:14     | Found Qaremim's Armour Shoppe.
 23558 | D:15     | Entered Level 15 of the Dungeon
 24054 | D:15     | Found Axirer's Assorted Antiques.
 24365 | D:15     | Reached skill level 15 in Armour
 25126 | Abyss:2  | Found a corrupted altar of Lugonu.
 25126 | Abyss:2  | Cast into level 2 of the Abyss (a wizard)
 25172 | Abyss:2  | Noticed a green very ugly thing
 25186 | Abyss:2  | Noticed a bone dragon
 25192 | Abyss:2  | Lost intelligence.
 25203 | Abyss:2  | Killed a green very ugly thing
 25214 | Abyss:2  | Killed a bone dragon
 25242 | Abyss:2  | Noticed a starcursed mass
 25248 | Abyss:2  | Noticed a tentacled starspawn
 25251 | Abyss:2  | HP: 6/122 [starcursed mass/accursed screaming (10)]
 25254 | Abyss:2  | Killed from afar by a starcursed mass

Illustrated notes

Levels and vault maps discovered:
D:1:      onia_arrival_mini_maze_b, layout_loops_corners,
          shapermc_ecumenical_altar_gd, kennysheep_flooded_box
D:2:      layout_loops_corners
D:3:      layout_rooms
D:4:      layout_loops_ring, kennysheep_opposing_triangles, uniq_blork_the_orc
D:5:      layout_basic, mainiacjoe_overflow_large_starburst,
          minmay_temple_entry_poolview, kennysheep_generic_room_15
D:6:      layout_layer_cave, mainiacjoe_overflow_tiny_flanked, uniq_maggie
D:7:      layout_basic, serial_glass, glass_columns_b, glass_columns_b,
          minmay_strange_pillars, gup_ossuary_entry_pyramid, serial_shops,
          nicolae_shop_crystal, feat_on_display
D:8:      layout_gridville, doesnt_xom_only_xom, serial_glass, glass_columns_c,
          glass_columns_a
D:9:      layout_rooms, overflow_temple_1_default, erik_lair_orcish_takeover,
          orc_0_dummy, minivault_23, serial_park_tiny_pond, grunt_ministairs_15
D:10:     layout_big_octagon, enter_bailey_2
D:11:     layout_loops_ring, small_chamber_with_monster,
          kennysheep_big_empty_room, small_statue_alley_a, uniq_psyche
D:12:     layout_irregular_city
D:13:     layout_grid_maze, lightli_wizard_tower
D:14:     layout_rooms, david_vaults_5, serial_co_window_serial,
          co_window_of_opportunity_a, co_window_paths_a, co_window_paths_a,
          co_window_of_opportunity_a, co_window_paths_a, co_window_paths_a,
          co_window_corner_a, co_window_corner_b, co_window_of_opportunity_b,
          co_window_broadway_c, co_window_paths_e, co_window_4corner_a,
          serial_bayou_lagoon_a, serial_shops, shop
D:15:     grunt_enter_depths_magical_seal, layout_loops_ring, serial_shops,
          shop_statue, grunt_decor_fettered, kennysheep_four_rooms
Lair:1:   layout_gridlike, dreamdust_mushroom_princess, lemuel_old_faithful,
          lemuel_fruit_tree, infiniplex_staircase_pool_2
Lair:2:   layout_roguey, grunt_megastairs_3
Lair:3:   layout_regular_city, minmay_shoals_entry_beasts,
          minmay_snake_entry_guardpost_small, nicolae_volcano_entry_lava_flow,
          uniq_nergalle
Lair:4:   layout_cave_pods, nzn_random_ring, infiniplex_staircase_pool,
          serial_bayou_shore_a
Lair:5:   grunt_lair_end_beastmaster, layout_regular_city,
          nicolae_slime_entry_slimehenge, serial_bayou_pond_b
Abyss:2:  base: D:5, base: D:5, base: D:5, base: D:5, base: D:5, base:
D:5

Skill      XL: |  1  2  3  4  5  6  7  8  9 10 11 12 13 14 |
---------------+-------------------------------------------+-----
Axes           | 4 5 6 7 8 10 12 13 14 15 16 | 16.0
Fighting       | 4 5 6 7 9 10 12 13 14 15 | 15.7
Armour         | 3 4 5 7 8 10 12 13 14 15 | 15.4
Dodging        | 5 7 9 10 12 | 12.0
Shields        | 4 9 12 | 12.0

Action                   |  1- 3 |  4- 6 |  7- 9 | 10-12 | 13-15 || total
-------------------------+-------+-------+-------+-------+-------++-------
Melee: Hand axe          |    87 |    49 |   158 |   270 |   364 ||   928
       Headbutt          |    11 |     7 |    25 |    73 |   115 ||   231
       Punch             |     1 |     1 |     3 |     5 |       ||    10
       Spear             |       |       |       |    77 |    50 ||   127
Throw: Dart              |       |       |       |    11 |     6 ||    17
Invok: Berserk           |       |       |     1 |       |     3 ||     4
       Trog's Hand       |       |       |       |       |     4 ||     4
  Use: Scroll            |       |       |    21 |    14 |       ||    35
 Stab: Distracted        |     1 |       |       |     6 |     6 ||    13
       Petrified         |       |       |       |       |     2 ||     2
Armor: Ring mail         |     8 |       |       |       |       ||     8
       Scale mail        |    13 |       |       |       |       ||    13
       Chain mail        |     7 |    16 |    12 |    33 |   173 ||   241
       Plate armour      |       |       |    18 |   122 |       ||   140
Dodge: Dodged            |    39 |    26 |    70 |   182 |   127 ||   444
Block: Buckler           |       |       |       |    18 |    97 ||   115
